AoeStats
← kaar

Nomad

509589707Analyzed
3v3 RM · 6d ago on Sep 27, 2026· 42m 10s· 6 players
Game mode
Random Map
Map size
210×210
Population
200
Speed
Normal
Resources
Standard
Victory
Conquest
Starting age
Dark Age
Ending age
Imperial Age
RankedLock teamsTeams togetherTeam positionsShared explorationLock speedFull tech treeHidden civsTurbo modeCheats
Victory
Defeat
🇮🇳 Tupi · India
1332
+10
🇮🇳 Saxons · India
1233
+14
🇧🇪 Spanish · Belgium
1214
+16
🇨🇴 Ethiopians · Colombia
1209
-14
🇧🇷 Vietnamese · Brazil
1207
-13
🇭🇰 Khmer · Hong Kong SAR China
1182
-13
kaaaboooom
4:56 Loom
13:26 Feudal Age
16:30 Castle Age
16:20 Bloodlines
19:55 Husbandry
21:33 Forging
22:34 Scale Barding Armor
23:55 Chain Barding Armor
26:13 Iron Casting
SirT_Naval
5:54 Loom
Vladimir "Vlad" Lem
5:45 Loom
chninane
11:48 Loom
14:31 Feudal Age
18:16 Castle Age
17:09 Double-Bit Axe
17:30 Horse Collar
25:51 Wheelbarrow
25:27 Bow Saw
30:42 Heavy Plow
31:52 Gold Mining
31:53 Stone Mining
33:51 Padded Archer Armor
34:44 Hand Cart
34:47 Leather Archer Armor
35:12 Fletching
35:33 Town Watch
36:41 Bodkin Arrow
40:24 Imperial Age
40:51 Forging
40:48 Scale Barding Armor
41:06 Ballistics
40:58 Masonry
40:44 Murder Holes
40:36 Spies/Treason
jAi
5:24 Loom
13:37 Feudal Age
14:28 Champi Runner
15:30 Arson
15:50 Fishing Lines
16:47 Double-Bit Axe
18:45 Scale Mail Armor
20:02 Forging
24:59 Castle Age
24:10 Town Watch
25:01 Wheelbarrow
25:06 Champi Warrior
25:47 Squires
26:17 Chain Mail Armor
26:58 Gillnets
30:00 Iron Casting
42:34 Imperial Age
kaar
4:28 Loom
14:27 Feudal Age
19:18 Castle Age
17:04 Fishing Lines
18:18 Stone Mining
18:17 Double-Bit Axe
19:07 Gold Mining
21:06 Bow Saw
21:09 Gillnets
21:39 Scale Mail Armor
21:50 Forging
22:36 Gold Shaft Mining
24:40 Chain Mail Armor
25:42 Iron Casting
25:15 Squires
25:00 Arson
25:25 Town Watch
26:02 Fletching
27:46 Wheelbarrow
27:14 Bodkin Arrow
31:35 Gambesons
31:44 Horse Collar
33:54 Heavy Plow
36:55 Hand Cart
40:09 Imperial Age
39:15 Scale Barding Armor
40:02 Medium Warships
39:23 Light Cavalry
40:14 Bloodlines
40:04 Husbandry
40:16 Spies/Treason
40:38 Hussar
Connection lost

Rejoining the realm…

Still unreachable

The connection could not be restored.

Session expired

The server has moved on; the page needs a fresh start.